Flyers vs Red Wings
Created - February 24, 2020 at 19:35
Goals
|
| Flyers |
2 |
2 |
1 |
5 |
| Red Wings |
1 |
2 |
1 |
4 |
|
Shots
|
| Flyers |
10 |
12 |
6 |
28 |
| Red Wings |
4 |
21 |
8 |
33 |
|
1st period
1. Flyers , Drew Miller 22 (Jakub Voracek 23, Jeff Woywitka 13) at 6:33
2. Red Wings , Alex Picard 14 (Connor Brown 22, David Krejci 15) at 7:07 (PP)
3. Flyers , Jakub Voracek 19 (Drew Miller 26, Jeff Carter 36) at 13:02 (PP)
Penalties :
Mike Richards (Det) for Holding (Minor) at 1:47, Ryan Callahan (Phi) for Holding (Minor) at 4:23, Oliver Ekman-Larsson (Phi) for Tripping (Minor) at 6:40, Jordan Nolan (Phi) for Holding (Minor) at 7:39, Tomas Kopecky (Det) for Hooking (Minor) at 12:50, Oliver Ekman-Larsson (Phi) for Charging (Minor) at 15:35
2nd period
4. Red Wings , Nick Bjugstad 9 (Tomas Kopecky 13, Maxim Lapierre 7) at 2:37
5. Flyers , Jordan Nolan 14 (Brock Nelson 9, Matt Smaby 18) at 15:57
6. Flyers , Brock Nelson 9 (Tomas Kubalik 8, Brian Lashoff 11) at 16:48
7. Red Wings , Carson Mcmillan 6 (Riley Armstrong 2, Anton Volchenkov 6) at 18:49
Penalties :
Brian Lashoff (Phi) for High sticking (Minor) at 6:38, Drew Miller (Phi) for Slashing (Minor) at 19:12
3rd period
8. Red Wings , Nick Bjugstad 10 (Tomas Kopecky 14, Maxim Lapierre 8) at 0:50 (PP)
9. Flyers , Matthew Lombardi 7 (Jakub Voracek 24, Matt Smaby 19) at 17:23
Penalties :
Ryan Callahan (Phi) for Hooking (Minor) at 3:43, Chris Mcallister (Phi) for Roughing (Minor) at 6:56
Goalie Stats
Steve Mason (Phi), 29 saves from 33 shots - (0.879), W, 24-11-3, 60:00 minutes
Josh Harding (Det), 23 saves from 28 shots - (0.821), L, 6-2-2, 59:25 minutes
Players Stats for Flyers
Player Name G A P +/- PIM S H SB GA TA FO MP PP MP PK MP
------------------------------------------------------------------------------------
Brian Lashoff 0 1 1 1 2 0 1 2 0 1 0/0 17:16 0:00 7:02
Brock Nelson 1 1 2 2 0 3 3 0 1 0 1/1 12:59 0:00 0:44
Chris Mcallister 0 0 0 0 2 1 0 0 0 1 1/2 13:33 0:00 6:53
Drew Miller 1 1 2 0 2 2 1 1 1 0 0/0 18:30 1:15 3:40
J.T. Miller 0 0 0 0 0 2 0 0 0 1 3/3 15:42 0:56 3:09
Jakub Voracek 1 2 3 0 0 2 1 0 0 0 0/0 14:18 1:15 0:00
Jeff Carter 0 1 1 0 0 1 0 0 0 1 8/15 14:18 1:15 0:00
Jeff Woywitka 0 1 1 1 0 1 0 1 1 1 0/0 22:37 1:26 7:28
Jonathan Ericsson 0 0 0 0 0 1 1 0 0 1 0/0 19:10 1:26 0:20
Jordan Nolan 1 0 1 2 2 2 1 1 1 0 10/17 17:19 0:00 4:22
Marcus Kruger 0 0 0 0 0 4 4 0 1 0 6/15 14:11 0:56 1:40
Mats Zuccarello 0 0 0 0 0 2 1 1 0 0 0/0 12:28 0:56 0:00
Matt Smaby 0 2 2 0 0 0 2 2 0 2 0/0 23:44 0:00 5:32
Matthew Lombardi 1 0 1 0 0 2 0 0 0 0 6/11 13:44 0:00 7:30
Nathan Beaulieu 0 0 0 1 0 1 1 1 0 0 0/0 15:42 0:45 2:57
Oliver Ekman-Larsson 0 0 0 1 4 1 1 2 0 0 0/0 21:33 0:45 4:39
Ryan Callahan 0 0 0 0 4 1 0 1 0 0 0/0 6:53 0:00 0:00
Tomas Kubalik 0 1 1 2 0 2 0 0 1 0 0/1 11:56 0:00 0:00
Players Stats for Red Wings
Player Name G A P +/- PIM S H SB GA TA FO MP PP MP PK MP
------------------------------------------------------------------------------------
Alex Picard 1 0 1 -2 0 1 3 0 1 0 0/0 23:48 8:01 0:14
Andrew Alberts 0 0 0 -1 0 2 0 1 0 0 0/0 11:36 0:00 1:09
Anton Volchenkov 0 1 1 2 0 2 2 1 0 1 0/0 16:57 0:00 1:09
Carson Mcmillan 1 0 1 1 0 4 0 0 0 0 0/0 7:09 0:00 0:52
Connor Brown 0 1 1 -2 0 2 1 0 3 0 0/2 23:30 8:01 0:00
Dany Heatley 0 0 0 -1 0 0 2 0 0 1 1/1 9:18 0:00 1:08
David Krejci 0 1 1 -2 0 5 0 0 2 0 4/6 17:47 8:00 0:52
Jiri Fischer 0 0 0 2 0 1 1 0 0 0 0/0 24:35 5:59 1:02
Karl Alzner 0 0 0 -1 0 0 1 0 2 1 0/0 17:09 5:59 0:00
Maxim Lapierre 0 2 2 0 0 2 1 1 0 0 0/2 19:48 5:58 0:00
Michael Haley 0 0 0 1 0 1 3 0 0 0 0/0 7:22 0:00 1:05
Mike Richards 0 0 0 -2 2 0 2 0 0 0 11/27 23:33 8:01 0:00
Nick Bjugstad 2 0 2 0 0 6 2 0 0 1 14/21 20:22 5:58 0:11
Ole-Kristian Tollefsen 0 0 0 -3 0 0 0 1 0 0 0/0 24:52 8:00 0:00
Petr Pohl 0 0 0 -1 0 0 0 0 0 0 0/1 8:10 0:00 0:00
Riley Armstrong 0 1 1 1 0 1 0 0 0 0 0/5 6:17 0:00 0:00
Ryan O'Byrne 0 0 0 -2 0 1 3 3 0 2 0/0 15:47 0:00 1:02
Tomas Kopecky 0 2 2 0 2 5 0 1 0 0 0/0 19:47 5:58 0:00
3 Stars
1 - Brock Nelson (Phi)
2 - Jakub Voracek (Phi)
3 - Nick Bjugstad (Det)
Power Play
Flyers - 1 on 2 Attempt(s) - 50.00%
Red Wings - 2 on 8 Attempt(s) - 25.00%
Penalty Kill
Flyers - 6 on 8 Attempt(s) - 75.00%
- Score 0 goal in Penalty Kill
Red Wings - 1 on 2 Attempt(s) - 50.00%
- Score 0 goal in Penalty Kill
Team Stat
Flyers - Hits : 17 - Faceoff Wins : 35 - Blocked Shots : 12 - Penalty Minutes : 16
Red Wings - Hits : 21 - Faceoff Wins : 30 - Blocked Shots : 8 - Penalty Minutes : 4
Official
Referees : Unknown
Linesman : Unknown
Game Notes
No Game Note
Finance
Level 1 -- Attendance: 4655 (77.58%) -- Ticket Income $498,085
Level 2 -- Attendance: 3961 (79.22%) -- Ticket Income $281,231
Level 3 -- Attendance: 1568 (78.40%) -- Ticket Income $75,264
Level 4 -- Attendance: 3007 (75.18%) -- Ticket Income $99,231
Luxury Box -- Attendance: 814 (81.40%) -- Ticket Income $154,660
Game was played at the Joe Louis Arena.
Total Attendance: 14005 (77.81%)
Total Ticket Income: $1,108,471
Other Income: $166,271
Total Income: $1,274,742
Flyers
5 vs 5 Forward
Center Left Wing Right Wing Time % Phy DF OF
1 Jeff Carter Drew Miller Jakub Voracek 30 0 1 4
2 Marcus Kruger J.T. Miller Mats Zuccarello 30 0 1 4
3 Jordan Nolan Brock Nelson Tomas Kubalik 30 0 2 3
4 Matthew Lombardi Chris Mcallister Ryan Callahan 10 1 3 1
5 vs 5 Defense
Defense Defense Time % Phy DF OF
1 Matt Smaby Jonathan Ericsson 40 1 2 2
2 Nathan Beaulieu Oliver Ekman-Larsson 30 1 2 2
3 Brian Lashoff Jeff Woywitka 20 1 2 2
4 Oliver Ekman-Larsson Jeff Woywitka 10 1 2 2
PowerPlay Forward
Center Left Wing Right Wing Time % Phy DF OF
1 Jeff Carter Drew Miller Jakub Voracek 60 0 0 5
2 Marcus Kruger J.T. Miller Mats Zuccarello 40 0 0 5
PowerPlay Defense
Defense Defense Time % Phy DF OF
1 Jonathan Ericsson Jeff Woywitka 60 0 2 3
2 Oliver Ekman-Larsson Nathan Beaulieu 40 0 2 3
Penalty Kill 4 Players Forward
Center Wing Time % Phy DF OF
1 Matthew Lombardi Chris Mcallister 60 0 4 1
2 Jordan Nolan Drew Miller 40 0 4 1
Penalty Kill 4 Players Defense
Defense Defense Time % Phy DF OF
1 Brian Lashoff Jeff Woywitka 60 1 4 0
2 Matt Smaby Oliver Ekman-Larsson 40 1 4 0
Penalty Kill - 3 Players Forward
Forward Time % Phy DF OF
1 Matthew Lombardi 60 0 4 1
2 Jordan Nolan 40 0 4 1
Penalty Kill - 3 Players Defense
Defense Defense Time % Phy DF OF
1 Brian Lashoff Jeff Woywitka 60 1 4 0
2 Matt Smaby Oliver Ekman-Larsson 40 1 4 0
4 vs 4 Forward
Center Wing Time % Phy DF OF
1 Jeff Carter J.T. Miller 60 0 2 3
2 Marcus Kruger Drew Miller 40 0 2 3
4 vs 4 Defense
Defense Defense Time % Phy DF OF
1 Jonathan Ericsson Matt Smaby 60 0 3 2
2 Nathan Beaulieu Oliver Ekman-Larsson 40 0 3 2
Last Minutes Offensive
Center Left Wing Right Wing Defense Defense
Jeff Carter Drew Miller Jakub Voracek Oliver Ekman-Larsson Jeff Woywitka
Last Minutes Defensive
Center Left Wing Right Wing Defense Defense
Matthew Lombardi Chris Mcallister Ryan Callahan Oliver Ekman-Larsson Jeff Woywitka
Goaltenders
Starting : Steve Mason
Backup : Cam Ward
Extra Forwards
Normal : Jeff Carter, Chris Mcallister, Drew Miller - PP : Jeff Carter, Drew Miller - PK : Chris Mcallister
Extra Defensemen
Normal : Brian Lashoff, Nathan Beaulieu, Matt Smaby - PP : Brian Lashoff - PK : Nathan Beaulieu, Matt Smaby
Penalty Shots
Jeff Carter, Jordan Nolan, J.T. Miller, Jakub Voracek, Ryan Callahan
Scratches
None
Red Wings
5 vs 5 Forward
Center Left Wing Right Wing Time % Phy DF OF
1 Mike Richards Alex Picard Connor Brown 38 0 2 3
2 Nick Bjugstad Maxim Lapierre Tomas Kopecky 37 0 2 3
3 David Krejci Dany Heatley Petr Pohl 15 0 3 2
4 Riley Armstrong Michael Haley Carson Mcmillan 10 1 2 2
5 vs 5 Defense
Defense Defense Time % Phy DF OF
1 Ryan O'Byrne Ole-Kristian Tollefsen 35 0 3 2
2 Anton Volchenkov Jiri Fischer 35 0 3 2
3 Karl Alzner Andrew Alberts 20 0 3 2
4 Karl Alzner Andrew Alberts 10 0 3 2
PowerPlay Forward
Center Left Wing Right Wing Time % Phy DF OF
1 Mike Richards Alex Picard Connor Brown 55 0 1 4
2 Nick Bjugstad Maxim Lapierre Tomas Kopecky 45 0 1 4
PowerPlay Defense
Defense Defense Time % Phy DF OF
1 David Krejci Ole-Kristian Tollefsen 60 0 2 3
2 Jiri Fischer Karl Alzner 40 0 2 3
Penalty Kill 4 Players Forward
Center Wing Time % Phy DF OF
1 David Krejci Carson Mcmillan 50 1 2 2
2 Dany Heatley Michael Haley 50 1 2 2
Penalty Kill 4 Players Defense
Defense Defense Time % Phy DF OF
1 Ryan O'Byrne Jiri Fischer 50 1 2 2
2 Anton Volchenkov Andrew Alberts 50 1 2 2
Penalty Kill - 3 Players Forward
Forward Time % Phy DF OF
1 Carson Mcmillan 60 1 2 2
2 Michael Haley 40 1 2 2
Penalty Kill - 3 Players Defense
Defense Defense Time % Phy DF OF
1 Ryan O'Byrne Jiri Fischer 50 1 2 2
2 Anton Volchenkov Andrew Alberts 50 1 2 2
4 vs 4 Forward
Center Wing Time % Phy DF OF
1 Mike Richards Connor Brown 60 1 2 2
2 Nick Bjugstad Alex Picard 40 1 2 2
4 vs 4 Defense
Defense Defense Time % Phy DF OF
1 Ryan O'Byrne Karl Alzner 60 1 2 2
2 Ole-Kristian Tollefsen Jiri Fischer 40 1 2 2
Last Minutes Offensive
Center Left Wing Right Wing Defense Defense
Mike Richards Alex Picard Connor Brown Ole-Kristian Tollefsen Karl Alzner
Last Minutes Defensive
Center Left Wing Right Wing Defense Defense
Dany Heatley Michael Haley Carson Mcmillan Andrew Alberts Ryan O'Byrne
Goaltenders
Starting : Josh Harding
Backup : James Reimer
Extra Forwards
Normal : Mike Richards, Connor Brown, David Krejci - PP : David Krejci, Alex Picard - PK : Alex Picard
Extra Defensemen
Normal : Jiri Fischer, Ole-Kristian Tollefsen, Karl Alzner - PP : Ryan O'Byrne - PK : Ole-Kristian Tollefsen, Karl Alzner
Penalty Shots
Mike Richards, Carson Mcmillan, Nick Bjugstad, Alex Picard, Dany Heatley
Scratches
Chris Kelly (Healthy), Philip Samuelsson (Healthy), Jean-Francois Berube (Healthy)
% Time on Ice - Flyers
Lines # - Real PCT - Wanted PCT - Time Play
Normal Forward
1 - 31% - 30% - 13:27
2 - 29% - 30% - 12:15
3 - 28% - 30% - 11:56
4 - 12% - 10% - 5:10
Normal Defense
1 - 41% - 40% - 17:30
2 - 31% - 30% - 13:20
3 - 21% - 20% - 9:07
4 - 7% - 10% - 2:51
PP Forward
1 - 57% - 60% - 1:15
2 - 43% - 40% - 0:56
PP Defense
1 - 66% - 60% - 1:26
2 - 34% - 40% - 0:45
PK Forward
1 - 73% - 60% - 10:16
2 - 27% - 40% - 3:43
PK Defense
1 - 58% - 60% - 8:07
2 - 42% - 40% - 5:52
PK3 Forward
1 - 0% - 60%
2 - 0% - 40%
PK3 Defense
1 - 0% - 60%
2 - 0% - 40%
44 Forward
1 - 0% - 60%
2 - 0% - 40%
44 Defense
1 - 0% - 60%
2 - 0% - 40%
Last Minute Offensive - 0:00
Last Minute Defensive - 1:02
Total
Forward - 60:00
Defense - 60:00
|
% Time on Ice - Red Wings
Lines # - Real PCT - Wanted PCT - Time Play
Normal Forward
1 - 34% - 38% - 14:30
2 - 32% - 37% - 13:50
3 - 19% - 15% - 8:10
4 - 15% - 10% - 6:17
Normal Defense
1 - 37% - 35% - 15:49
2 - 39% - 35% - 16:35
3 - 18% - 20% - 7:32
4 - 7% - 10% - 2:51
PP Forward
1 - 57% - 55% - 8:01
2 - 43% - 45% - 5:58
PP Defense
1 - 57% - 60% - 8:00
2 - 43% - 40% - 5:59
PK Forward
1 - 48% - 50% - 1:03
2 - 52% - 50% - 1:08
PK Defense
1 - 47% - 50% - 1:02
2 - 53% - 50% - 1:09
PK3 Forward
1 - 0% - 60%
2 - 0% - 40%
PK3 Defense
1 - 0% - 50%
2 - 0% - 50%
44 Forward
1 - 0% - 60%
2 - 0% - 40%
44 Defense
1 - 0% - 60%
2 - 0% - 40%
Last Minute Offensive - 1:03
Last Minute Defensive - 0:00
Total
Forward - 60:00
Defense - 60:00
|
Play-by-Play
1st period
0:01 of 1st period - Mike Richards wins face-off versus Jeff Carter in neutral zone.
0:45 of 1st period - Icing by Maxim Lapierre.
0:46 of 1st period - Jordan Nolan wins face-off versus Nick Bjugstad in Red Wings zone.
0:47 of 1st period - Snap shot by Tomas Kubalik.
0:47 of 1st period - Deflect By Maxim Lapierre.
0:47 of 1st period - Stopped by Josh Harding without a rebound.
0:48 of 1st period - Jordan Nolan wins face-off versus David Krejci in Red Wings zone.
1:03 of 1st period - Snap shot by David Krejci.
1:03 of 1st period - Stopped by Steve Mason without a rebound.
1:04 of 1st period - Chris Mcallister wins face-off versus Riley Armstrong in Flyers zone.
1:17 of 1st period - Snap shot by Riley Armstrong.
1:17 of 1st period - Shot Misses the Net.
1:19 of 1st period - Slapshot by Riley Armstrong.
1:19 of 1st period - Shot Blocked by Brian Lashoff.
1:47 of 1st period - Minor Penalty to Mike Richards for Holding.
1:48 of 1st period - David Krejci wins face-off versus Jeff Carter in Red Wings zone.
2:15 of 1st period - J.T. Miller is hit by Ryan O'Byrne and loses puck.
3:14 of 1st period - Nathan Beaulieu is hit by Ryan O'Byrne.
3:47 of 1st period - Penalty to Mike Richards is over, Mike Richards is back on ice.
4:23 of 1st period - Minor Penalty to Ryan Callahan for Holding.
4:24 of 1st period - Matthew Lombardi wins face-off versus Mike Richards in Flyers zone.
6:23 of 1st period - Penalty to Ryan Callahan is over, Ryan Callahan is back on ice.
6:33 of 1st period - Wrist shot by Drew Miller.
6:33 of 1st period - Goal by Drew Miller - Flyers : 1 - Red Wings : 0.
6:34 of 1st period - Nick Bjugstad wins face-off versus Marcus Kruger in neutral zone.
6:40 of 1st period - Minor Penalty to Oliver Ekman-Larsson for Tripping.
6:41 of 1st period - Mike Richards wins face-off versus Matthew Lombardi in Flyers zone.
6:45 of 1st period - Wrist shot by Connor Brown.
6:45 of 1st period - Shot Misses the Net.
6:47 of 1st period - Snap shot by David Krejci.
6:47 of 1st period - Stopped by Steve Mason without a rebound.
6:48 of 1st period - Matthew Lombardi wins face-off versus Mike Richards in Flyers zone.
7:07 of 1st period - Snap shot by Alex Picard.
7:07 of 1st period - Goal by Alex Picard - Flyers : 1 - Red Wings : 1.
7:08 of 1st period - J.T. Miller wins face-off versus Nick Bjugstad in neutral zone.
7:11 of 1st period - Snap shot by Marcus Kruger.
7:11 of 1st period - Stopped by Josh Harding with a rebound.
7:24 of 1st period - Wrist shot by J.T. Miller.
7:24 of 1st period - Shot Misses the Net.
7:36 of 1st period - Icing by Alex Picard.
7:37 of 1st period - Jordan Nolan wins face-off versus Mike Richards in Red Wings zone.
7:39 of 1st period - Minor Penalty to Jordan Nolan for Holding.
7:40 of 1st period - Matthew Lombardi wins face-off versus Mike Richards in Flyers zone.
7:40 of 1st period - Matthew Lombardi is hit by Alex Picard.
7:50 of 1st period - Off-side.
7:51 of 1st period - Nick Bjugstad wins face-off versus Chris Mcallister in neutral zone.
9:39 of 1st period - Penalty to Jordan Nolan is over, Jordan Nolan is back on ice.
10:04 of 1st period - Slapshot by Nick Bjugstad.
10:04 of 1st period - Shot Misses the Net.
10:06 of 1st period - Snap shot by David Krejci.
10:06 of 1st period - Stopped by Steve Mason without a rebound.
10:07 of 1st period - Nick Bjugstad wins face-off versus Marcus Kruger in Flyers zone.
10:26 of 1st period - Matt Smaby is hit by Michael Haley and loses puck.
11:57 of 1st period - Connor Brown is hit by Brock Nelson and loses puck.
12:36 of 1st period - Slapshot by Marcus Kruger.
12:36 of 1st period - Stopped by Josh Harding with a rebound.
12:38 of 1st period - Snap shot by Jonathan Ericsson.
12:38 of 1st period - Shot Blocked by Maxim Lapierre.
12:42 of 1st period - Slapshot by Marcus Kruger.
12:42 of 1st period - Shot Blocked by Ryan O'Byrne.
12:44 of 1st period - Snap shot by Marcus Kruger.
12:44 of 1st period - Shot Misses the Net.
12:50 of 1st period - Minor Penalty to Tomas Kopecky for Hooking.
12:51 of 1st period - Dany Heatley wins face-off versus Jeff Carter in Red Wings zone.
13:02 of 1st period - Snap shot by Jakub Voracek.
13:02 of 1st period - Goal by Jakub Voracek - Flyers : 2 - Red Wings : 1.
13:03 of 1st period - Jeff Carter wins face-off versus Maxim Lapierre in neutral zone.
13:17 of 1st period - Matt Smaby is hit by Nick Bjugstad and loses puck.
13:28 of 1st period - Connor Brown is hit by Matt Smaby.
13:38 of 1st period - Snap shot by Marcus Kruger.
13:38 of 1st period - Stopped by Josh Harding with a rebound.
13:40 of 1st period - Slapshot by Nathan Beaulieu.
13:40 of 1st period - Shot Misses the Net.
13:42 of 1st period - Wrist shot by J.T. Miller.
13:42 of 1st period - Shot Misses the Net.
14:18 of 1st period - Slapshot by Oliver Ekman-Larsson.
14:18 of 1st period - Deflect By Ryan Callahan.
14:18 of 1st period - Shot Blocked by Andrew Alberts.
14:18 of 1st period - Puck is out of play.
14:19 of 1st period - Jeff Carter wins face-off versus Mike Richards in Red Wings zone.
14:24 of 1st period - Wrist shot by Jakub Voracek.
14:24 of 1st period - Stopped by Josh Harding with a rebound.
14:32 of 1st period - Jakub Voracek is hit by Alex Picard.
14:36 of 1st period - Ole-Kristian Tollefsen is hit by Jonathan Ericsson and loses puck.
15:02 of 1st period - Icing by Andrew Alberts.
15:03 of 1st period - J.T. Miller wins face-off versus David Krejci in Red Wings zone.
15:04 of 1st period - Snap shot by Mats Zuccarello.
15:04 of 1st period - Shot Misses the Net.
15:18 of 1st period - Wrist shot by Dany Heatley.
15:18 of 1st period - Shot Misses the Net.
15:35 of 1st period - Minor Penalty to Oliver Ekman-Larsson for Charging.
15:36 of 1st period - Mike Richards wins face-off versus Matthew Lombardi in Flyers zone.
15:52 of 1st period - Snap shot by Mike Richards.
15:52 of 1st period - Shot Misses the Net.
16:36 of 1st period - David Krejci is hit by Nathan Beaulieu and loses puck.
17:35 of 1st period - Penalty to Oliver Ekman-Larsson is over, Oliver Ekman-Larsson is back on ice.
17:36 of 1st period - Icing by Mike Richards.
17:37 of 1st period - Marcus Kruger wins face-off versus Mike Richards in Red Wings zone.
17:40 of 1st period - Wrist shot by Mats Zuccarello.
17:40 of 1st period - Stopped by Josh Harding without a rebound.
17:41 of 1st period - Marcus Kruger wins face-off versus Riley Armstrong in Red Wings zone.
17:56 of 1st period - Snap shot by Mats Zuccarello.
17:56 of 1st period - Shot Misses the Net.
17:58 of 1st period - Snap shot by J.T. Miller.
17:58 of 1st period - Stopped by Josh Harding without a rebound.
17:59 of 1st period - Nick Bjugstad wins face-off versus Jordan Nolan in Red Wings zone.
18:04 of 1st period - Anton Volchenkov is hit by Oliver Ekman-Larsson and loses puck.
18:13 of 1st period - Wrist shot by Jordan Nolan.
18:13 of 1st period - Deflect By Tomas Kubalik.
18:13 of 1st period - Shot Misses the Net.
18:13 of 1st period - Puck is out of play.
18:14 of 1st period - Jeff Carter wins face-off versus Mike Richards in Red Wings zone.
18:21 of 1st period - Wrist shot by Drew Miller.
18:21 of 1st period - Stopped by Josh Harding without a rebound.
18:22 of 1st period - Jeff Carter wins face-off versus Connor Brown in Red Wings zone.
18:51 of 1st period - Slapshot by Jeff Carter.
18:51 of 1st period - Deflect By Jakub Voracek.
18:51 of 1st period - Shot Misses the Net.
18:51 of 1st period - Puck is out of play.
18:52 of 1st period - Jordan Nolan wins face-off versus Nick Bjugstad in Red Wings zone.
19:28 of 1st period - Snap shot by Mats Zuccarello.
19:28 of 1st period - Shot Misses the Net.
Goals for this period are 2 for Flyers vs 1 for Red Wings.
Shots for this period are 10 for Flyers vs 4 for Red Wings.
2nd period
0:01 of 2nd period - Nick Bjugstad wins face-off versus Jordan Nolan in neutral zone.
0:26 of 2nd period - Connor Brown is hit by Jakub Voracek and loses puck.
0:59 of 2nd period - Snap shot by J.T. Miller.
0:59 of 2nd period - Shot Hit the Post.
1:16 of 2nd period - Wrist shot by Carson Mcmillan.
1:16 of 2nd period - Stopped by Steve Mason with a rebound.
1:18 of 2nd period - Snap shot by Michael Haley.
1:18 of 2nd period - Shot Blocked by Ryan Callahan.
1:20 of 2nd period - Wrist shot by Carson Mcmillan.
1:20 of 2nd period - Deflect By Michael Haley.
1:20 of 2nd period - Stopped by Steve Mason with a rebound.
1:22 of 2nd period - Backhand shot by Ryan O'Byrne.
1:22 of 2nd period - Stopped by Steve Mason without a rebound.
1:23 of 2nd period - Jordan Nolan wins face-off versus Nick Bjugstad in Flyers zone.
1:48 of 2nd period - Connor Brown is hit by Marcus Kruger and loses puck.
2:35 of 2nd period - Slapshot by Tomas Kopecky.
2:35 of 2nd period - Stopped by Steve Mason with a rebound.
2:37 of 2nd period - Slapshot by Nick Bjugstad.
2:37 of 2nd period - Deflect By Chris Mcallister.
2:37 of 2nd period - Goal by Nick Bjugstad - Flyers : 2 - Red Wings : 2.
2:38 of 2nd period - Nick Bjugstad wins face-off versus Jordan Nolan in neutral zone.
2:49 of 2nd period - Slapshot by Tomas Kopecky.
2:49 of 2nd period - Stopped by Steve Mason with a rebound.
3:05 of 2nd period - Alex Picard is hit by Marcus Kruger and loses puck.
3:12 of 2nd period - Wrist shot by Mats Zuccarello.
3:12 of 2nd period - Stopped by Josh Harding with a rebound.
3:14 of 2nd period - Slapshot by Nathan Beaulieu.
3:14 of 2nd period - Stopped by Josh Harding without a rebound.
3:15 of 2nd period - Nick Bjugstad wins face-off versus Marcus Kruger in Red Wings zone.
3:21 of 2nd period - Off-side.
3:22 of 2nd period - Nick Bjugstad wins face-off versus Marcus Kruger in neutral zone.
4:18 of 2nd period - Snap shot by Mike Richards.
4:18 of 2nd period - Deflect By Alex Picard.
4:18 of 2nd period - Shot Blocked by Jordan Nolan.
4:18 of 2nd period - Puck is out of play.
4:19 of 2nd period - Jeff Carter wins face-off versus Nick Bjugstad in Flyers zone.
4:24 of 2nd period - Jakub Voracek is hit by Ryan O'Byrne and loses puck.
4:35 of 2nd period - Slapshot by Oliver Ekman-Larsson.
4:35 of 2nd period - Shot Blocked by Ryan O'Byrne.
5:14 of 2nd period - Karl Alzner is hit by Marcus Kruger and loses puck.
5:20 of 2nd period - Off-side.
5:21 of 2nd period - Nick Bjugstad wins face-off versus Jeff Carter in neutral zone.
5:30 of 2nd period - Backhand shot by Jeff Carter.
5:30 of 2nd period - Shot Misses the Net.
5:53 of 2nd period - Slapshot by Oliver Ekman-Larsson.
5:53 of 2nd period - Stopped by Josh Harding without a rebound.
5:54 of 2nd period - Jordan Nolan wins face-off versus Mike Richards in Red Wings zone.
6:21 of 2nd period - Jakub Voracek is hit by Anton Volchenkov and loses puck.
6:38 of 2nd period - Minor Penalty to Brian Lashoff for High sticking.
6:39 of 2nd period - Matthew Lombardi wins face-off versus Mike Richards in Flyers zone.
7:12 of 2nd period - Drew Miller is hit by Maxim Lapierre and loses puck.
8:38 of 2nd period - Penalty to Brian Lashoff is over, Brian Lashoff is back on ice.
8:44 of 2nd period - Snap shot by Marcus Kruger.
8:44 of 2nd period - Stopped by Josh Harding without a rebound.
8:45 of 2nd period - Jeff Carter wins face-off versus Riley Armstrong in Red Wings zone.
8:58 of 2nd period - Snap shot by Riley Armstrong.
8:58 of 2nd period - Stopped by Steve Mason with a rebound.
10:01 of 2nd period - Wrist shot by Carson Mcmillan.
10:01 of 2nd period - Stopped by Steve Mason without a rebound.
10:02 of 2nd period - Jordan Nolan wins face-off versus Nick Bjugstad in Flyers zone.
10:11 of 2nd period - Tomas Kopecky is hit by Brian Lashoff and loses puck.
10:34 of 2nd period - Wrist shot by Mike Richards.
10:34 of 2nd period - Shot Misses the Net.
11:16 of 2nd period - Snap shot by Jakub Voracek.
11:16 of 2nd period - Shot Misses the Net.
11:18 of 2nd period - Slapshot by Jonathan Ericsson.
11:18 of 2nd period - Stopped by Josh Harding without a rebound.
11:19 of 2nd period - Nick Bjugstad wins face-off versus Jordan Nolan in Red Wings zone.
11:23 of 2nd period - Icing by Ole-Kristian Tollefsen.
11:24 of 2nd period - Nick Bjugstad wins face-off versus Jordan Nolan in Red Wings zone.
11:31 of 2nd period - Wrist shot by Tomas Kopecky.
11:31 of 2nd period - Shot Misses the Net.
11:33 of 2nd period - Slapshot by Ryan O'Byrne.
11:33 of 2nd period - Shot Misses the Net.
11:35 of 2nd period - Snap shot by Nick Bjugstad.
11:35 of 2nd period - Stopped by Steve Mason with a rebound.
12:17 of 2nd period - Snap shot by Maxim Lapierre.
12:17 of 2nd period - Shot Misses the Net.
12:19 of 2nd period - Wrist shot by Maxim Lapierre.
12:19 of 2nd period - Stopped by Steve Mason with a rebound.
12:47 of 2nd period - Slapshot by Jordan Nolan.
12:47 of 2nd period - Deflect By Tomas Kubalik.
12:47 of 2nd period - Stopped by Josh Harding without a rebound.
12:48 of 2nd period - Marcus Kruger wins face-off versus Connor Brown in Red Wings zone.
13:22 of 2nd period - Snap shot by David Krejci.
13:22 of 2nd period - Deflect By Dany Heatley.
13:22 of 2nd period - Shot Misses the Net.
13:22 of 2nd period - Puck is out of play.
13:23 of 2nd period - David Krejci wins face-off versus Jeff Carter in Flyers zone.
13:26 of 2nd period - Wrist shot by Dany Heatley.
13:26 of 2nd period - Shot Misses the Net.
13:28 of 2nd period - Backhand shot by Petr Pohl.
13:28 of 2nd period - Shot Blocked by Brian Lashoff.
13:30 of 2nd period - Snap shot by Andrew Alberts.
13:30 of 2nd period - Stopped by Steve Mason with a rebound.
13:32 of 2nd period - Slapshot by Petr Pohl.
13:32 of 2nd period - Deflect By Brian Lashoff.
13:32 of 2nd period - Shot Misses the Net.
13:32 of 2nd period - Puck is out of play.
13:33 of 2nd period - David Krejci wins face-off versus Marcus Kruger in Flyers zone.
13:36 of 2nd period - Wrist shot by Petr Pohl.
13:36 of 2nd period - Shot Blocked by Mats Zuccarello.
13:58 of 2nd period - Slapshot by Andrew Alberts.
13:58 of 2nd period - Stopped by Steve Mason without a rebound.
13:59 of 2nd period - Mike Richards wins face-off versus Jeff Carter in Flyers zone.
14:06 of 2nd period - Jakub Voracek is hit by Anton Volchenkov and loses puck.
14:23 of 2nd period - Connor Brown is hit by Drew Miller and loses puck.
15:04 of 2nd period - Wrist shot by Connor Brown.
15:04 of 2nd period - Shot Blocked by Drew Miller.
15:06 of 2nd period - Wrist shot by Mike Richards.
15:06 of 2nd period - Shot Misses the Net.
15:08 of 2nd period - Slapshot by Connor Brown.
15:08 of 2nd period - Stopped by Steve Mason without a rebound.
15:09 of 2nd period - Nick Bjugstad wins face-off versus Marcus Kruger in Flyers zone.
15:16 of 2nd period - Wrist shot by Nick Bjugstad.
15:16 of 2nd period - Stopped by Steve Mason without a rebound.
15:17 of 2nd period - Nick Bjugstad wins face-off versus Marcus Kruger in Flyers zone.
15:18 of 2nd period - Slapshot by Tomas Kopecky.
15:18 of 2nd period - Shot Misses the Net.
15:28 of 2nd period - Wrist shot by Marcus Kruger.
15:28 of 2nd period - Shot Misses the Net.
15:38 of 2nd period - Snap shot by Marcus Kruger.
15:38 of 2nd period - Shot Misses the Net.
15:40 of 2nd period - Wrist shot by J.T. Miller.
15:40 of 2nd period - Shot Misses the Net.
15:42 of 2nd period - Snap shot by Nathan Beaulieu.
15:42 of 2nd period - Deflect By J.T. Miller.
15:42 of 2nd period - Shot Blocked by Ryan O'Byrne.
15:42 of 2nd period - Puck is out of play.
15:43 of 2nd period - David Krejci wins face-off versus Tomas Kubalik in Red Wings zone.
15:43 of 2nd period - David Krejci is hit by Brock Nelson.
15:57 of 2nd period - Snap shot by Jordan Nolan.
15:57 of 2nd period - Goal by Jordan Nolan - Flyers : 3 - Red Wings : 2.
15:58 of 2nd period - Mike Richards wins face-off versus Marcus Kruger in neutral zone.
16:03 of 2nd period - Snap shot by Anton Volchenkov.
16:03 of 2nd period - Shot Blocked by Matt Smaby.
16:15 of 2nd period - Alex Picard is hit by Marcus Kruger and loses puck.
16:26 of 2nd period - Snap shot by Jordan Nolan.
16:26 of 2nd period - Shot Blocked by Anton Volchenkov.
16:28 of 2nd period - Wrist shot by Brock Nelson.
16:28 of 2nd period - Stopped by Josh Harding without a rebound.
16:29 of 2nd period - Nick Bjugstad wins face-off versus Jordan Nolan in Red Wings zone.
16:38 of 2nd period - Wrist shot by Tomas Kubalik.
16:38 of 2nd period - Shot Blocked by Tomas Kopecky.
16:40 of 2nd period - Backhand shot by Jeff Woywitka.
16:40 of 2nd period - Stopped by Josh Harding with a rebound.
16:42 of 2nd period - Wrist shot by Brock Nelson.
16:42 of 2nd period - Stopped by Josh Harding with a rebound.
16:46 of 2nd period - Snap shot by Tomas Kubalik.
16:46 of 2nd period - Shot Blocked by Ole-Kristian Tollefsen.
16:48 of 2nd period - Snap shot by Brock Nelson.
16:48 of 2nd period - Goal by Brock Nelson - Flyers : 4 - Red Wings : 2.
16:49 of 2nd period - Marcus Kruger wins face-off versus Mike Richards in neutral zone.
16:52 of 2nd period - Slapshot by J.T. Miller.
16:52 of 2nd period - Stopped by Josh Harding without a rebound.
16:53 of 2nd period - Marcus Kruger wins face-off versus Mike Richards in Red Wings zone.
17:23 of 2nd period - Slapshot by Tomas Kopecky.
17:23 of 2nd period - Shot Hit the Post.
17:25 of 2nd period - Snap shot by Maxim Lapierre.
17:25 of 2nd period - Stopped by Steve Mason without a rebound.
17:26 of 2nd period - Brock Nelson wins face-off versus Nick Bjugstad in Flyers zone.
17:37 of 2nd period - Wrist shot by Tomas Kopecky.
17:37 of 2nd period - Stopped by Steve Mason with a rebound.
17:39 of 2nd period - Wrist shot by Maxim Lapierre.
17:39 of 2nd period - Shot Misses the Net.
17:45 of 2nd period - Snap shot by Tomas Kopecky.
17:45 of 2nd period - Stopped by Steve Mason with a rebound.
17:47 of 2nd period - Slapshot by Nick Bjugstad.
17:47 of 2nd period - Stopped by Steve Mason with a rebound.
17:49 of 2nd period - Snap shot by Tomas Kopecky.
17:49 of 2nd period - Stopped by Steve Mason with a rebound.
17:51 of 2nd period - Snap shot by Nick Bjugstad.
17:51 of 2nd period - Shot Blocked by Nathan Beaulieu.
17:53 of 2nd period - Backhand shot by Andrew Alberts.
17:53 of 2nd period - Shot Blocked by Oliver Ekman-Larsson.
18:09 of 2nd period - Snap shot by Tomas Kopecky.
18:09 of 2nd period - Shot Misses the Net.
18:11 of 2nd period - Wrist shot by Nick Bjugstad.
18:11 of 2nd period - Stopped by Steve Mason without a rebound.
18:12 of 2nd period - Marcus Kruger wins face-off versus Mike Richards in Flyers zone.
18:12 of 2nd period - Marcus Kruger is hit by Mike Richards.
18:49 of 2nd period - Snap shot by Carson Mcmillan.
18:49 of 2nd period - Goal by Carson Mcmillan - Flyers : 4 - Red Wings : 3.
18:50 of 2nd period - Mike Richards wins face-off versus Jeff Carter in neutral zone.
19:12 of 2nd period - Minor Penalty to Drew Miller for Slashing.
19:13 of 2nd period - Matthew Lombardi wins face-off versus Mike Richards in Flyers zone.
19:59 of 2nd period - Slapshot by J.T. Miller.
19:59 of 2nd period - Shot Misses the Net.
Goals for this period are 2 for Flyers vs 2 for Red Wings.
Shots for this period are 12 for Flyers vs 21 for Red Wings.
3rd period
0:01 of 3rd period - Mike Richards wins face-off versus Matthew Lombardi in neutral zone.
0:06 of 3rd period - Snap shot by David Krejci.
0:06 of 3rd period - Stopped by Steve Mason without a rebound.
0:07 of 3rd period - Mike Richards wins face-off versus Matthew Lombardi in Flyers zone.
0:32 of 3rd period - Snap shot by Alex Picard.
0:32 of 3rd period - Shot Misses the Net.
0:34 of 3rd period - Slapshot by David Krejci.
0:34 of 3rd period - Stopped by Steve Mason without a rebound.
0:35 of 3rd period - Matthew Lombardi wins face-off versus Maxim Lapierre in Flyers zone.
0:50 of 3rd period - Snap shot by Nick Bjugstad.
0:50 of 3rd period - Goal by Nick Bjugstad - Flyers : 4 - Red Wings : 4.
0:51 of 3rd period - Mike Richards wins face-off versus Marcus Kruger in neutral zone.
2:32 of 3rd period - Slapshot by Anton Volchenkov.
2:32 of 3rd period - Stopped by Steve Mason with a rebound.
2:34 of 3rd period - Slapshot by Anton Volchenkov.
2:34 of 3rd period - Shot Blocked by Oliver Ekman-Larsson.
2:36 of 3rd period - Slapshot by Anton Volchenkov.
2:36 of 3rd period - Stopped by Steve Mason with a rebound.
2:58 of 3rd period - Snap shot by Jordan Nolan.
2:58 of 3rd period - Shot Hit the Post.
3:43 of 3rd period - Minor Penalty to Ryan Callahan for Hooking.
3:44 of 3rd period - Mike Richards wins face-off versus Matthew Lombardi in Flyers zone.
5:18 of 3rd period - Icing by Connor Brown.
5:19 of 3rd period - Mike Richards wins face-off versus Jordan Nolan in Red Wings zone.
5:19 of 3rd period - Mike Richards is hit by Jordan Nolan.
5:43 of 3rd period - Penalty to Ryan Callahan is over, Ryan Callahan is back on ice.
5:45 of 3rd period - Snap shot by Jordan Nolan.
5:45 of 3rd period - Stopped by Josh Harding with a rebound.
5:57 of 3rd period - Snap shot by Carson Mcmillan.
5:57 of 3rd period - Shot Blocked by Matt Smaby.
6:33 of 3rd period - Snap shot by J.T. Miller.
6:33 of 3rd period - Shot Misses the Net.
6:35 of 3rd period - Wrist shot by Marcus Kruger.
6:35 of 3rd period - Shot Misses the Net.
6:56 of 3rd period - Minor Penalty to Chris Mcallister for Roughing.
6:57 of 3rd period - J.T. Miller wins face-off versus Mike Richards in Flyers zone.
8:43 of 3rd period - Slapshot by Nathan Beaulieu.
8:43 of 3rd period - Shot Misses the Net.
8:56 of 3rd period - Penalty to Chris Mcallister is over, Chris Mcallister is back on ice.
9:14 of 3rd period - Slapshot by Carson Mcmillan.
9:14 of 3rd period - Stopped by Steve Mason without a rebound.
9:15 of 3rd period - Jeff Carter wins face-off versus Riley Armstrong in Flyers zone.
9:32 of 3rd period - Jakub Voracek is hit by Michael Haley and loses puck.
9:43 of 3rd period - J.T. Miller is hit by Jiri Fischer and loses puck.
10:06 of 3rd period - Snap shot by Chris Mcallister.
10:06 of 3rd period - Stopped by Josh Harding with a rebound.
10:08 of 3rd period - Backhand shot by Chris Mcallister.
10:08 of 3rd period - Shot Misses the Net.
10:10 of 3rd period - Wrist shot by Matthew Lombardi.
10:10 of 3rd period - Stopped by Josh Harding with a rebound.
10:12 of 3rd period - Snap shot by Ryan Callahan.
10:12 of 3rd period - Shot Misses the Net.
10:26 of 3rd period - Snap shot by Ryan Callahan.
10:26 of 3rd period - Stopped by Josh Harding without a rebound.
10:27 of 3rd period - Jeff Carter wins face-off versus Riley Armstrong in Red Wings zone.
10:30 of 3rd period - Slapshot by Jeff Carter.
10:30 of 3rd period - Stopped by Josh Harding with a rebound.
10:36 of 3rd period - Drew Miller is hit by Michael Haley and loses puck.
10:51 of 3rd period - Ryan O'Byrne is hit by Brock Nelson and loses puck.
11:16 of 3rd period - Snap shot by Connor Brown.
11:16 of 3rd period - Stopped by Steve Mason without a rebound.
11:17 of 3rd period - Jordan Nolan wins face-off versus Mike Richards in Flyers zone.
12:28 of 3rd period - Wrist shot by Chris Mcallister.
12:28 of 3rd period - Shot Misses the Net.
12:55 of 3rd period - Nathan Beaulieu is hit by Alex Picard and loses puck.
13:34 of 3rd period - Matthew Lombardi is hit by Nick Bjugstad and loses puck.
13:41 of 3rd period - Snap shot by Tomas Kopecky.
13:41 of 3rd period - Shot Blocked by Jeff Woywitka.
13:43 of 3rd period - Snap shot by Nick Bjugstad.
13:43 of 3rd period - Deflect By Tomas Kopecky.
13:43 of 3rd period - Shot Misses the Net.
13:43 of 3rd period - Puck is out of play.
13:44 of 3rd period - Jordan Nolan wins face-off versus Mike Richards in Flyers zone.
14:29 of 3rd period - Riley Armstrong is hit by Mats Zuccarello and loses puck.
14:36 of 3rd period - J.T. Miller is hit by Karl Alzner and loses puck.
15:29 of 3rd period - Jeff Woywitka is hit by Dany Heatley and loses puck.
15:36 of 3rd period - Snap shot by Petr Pohl.
15:36 of 3rd period - Shot Misses the Net.
15:38 of 3rd period - Slapshot by Jiri Fischer.
15:38 of 3rd period - Stopped by Steve Mason with a rebound.
16:14 of 3rd period - Michael Haley is hit by Matt Smaby and loses puck.
16:53 of 3rd period - Jeff Carter is hit by Dany Heatley and loses puck.
17:21 of 3rd period - Snap shot by Matthew Lombardi.
17:21 of 3rd period - Shot Misses the Net.
17:23 of 3rd period - Wrist shot by Matthew Lombardi.
17:23 of 3rd period - Goal by Matthew Lombardi - Flyers : 5 - Red Wings : 4.
17:24 of 3rd period - Jordan Nolan wins face-off versus Petr Pohl in neutral zone.
17:53 of 3rd period - Jeff Carter is hit by Mike Richards and loses puck.
18:02 of 3rd period - Drew Miller is hit by Connor Brown and loses puck.
19:25 of 3rd period - Red Wings, Josh Harding is pulled from the net.
Goals for this period are 1 for Flyers vs 1 for Red Wings.
Shots for this period are 6 for Flyers vs 8 for Red Wings.
Back to the Top